 Dungeon Crawl Stone Soup version 0.30.1-3-gfc49f6343a (webtiles) character file.

Game seed: 1704244173068872834

14132 spardeous the Destroyer (level 11, 0/74 HPs)
             Began as a Demigod Earth Elementalist on Aug 9, 2023.
             Killed by miscasting Iskenderun's Mystic Blast (9 damage)
             ... on level 11 of the Dungeon.
             The game lasted 00:22:15 (12758 turns).

spardeous the Destroyer (DgEE)                     Turns: 12758, Time: 00:22:15

Health: 0/74       AC: 13    Str:  9    XL:     11   Next: 55%
Magic:  2/28       EV:  9    Int: 29    God:
Gold:   921        SH:  3    Dex: 14    Spells: 15/27 levels left

rFire   . . .        y - +6 shillelagh "Devastator" {shatter}
rCold   + + .        v - +0 buckler
rNeg    . . .        n - quicksilver dragon scales "Azilexoa" {rElec rC+ Will+}
rPois   .            I - +0 helmet
rElec   +            q - +0 cloak
rCorr   .            z - +0 pair of gloves
SInv    .            i - +0 pair of boots
Will    ++...        d - amulet of magic regeneration
Stlth   +            C - ring of protection from cold
HPRegen 0.32/turn    (no ring)
MPRegen 0.61/turn

%: no passive effects
@: very slightly contaminated, invisible
A: high MP 1, forlorn, divine attributes
a: no special abilities


You were on level 11 of the Dungeon.
You visited 1 branch of the dungeon, and saw 11 of its levels.

You collected 2676 gold pieces.
You spent 1755 gold pieces at shops.

Inventory:

Hand Weapons
 r - a +4 long sword
 y - the +6 shillelagh "Devastator" (weapon) {shatter}
   (You found it on level 11 of the Dungeon)
Missiles
 B - 4 throwing nets
Armour
 i - a +0 pair of boots (worn)
 n - the quicksilver dragon scales "Azilexoa" (worn) {rElec rC+ Will+}
   (You bought it in a shop on level 1 of the Dungeon)

   rC:        It protects you from cold.
   rElec:     It insulates you from electricity.
   Will:      It increases your willpower.
 q - a +0 cloak (worn)
 v - a +0 buckler (worn)
 z - a +0 pair of gloves (worn)
 I - a +0 helmet (worn)
Jewellery
 d - an amulet of magic regeneration (around neck)
 C - a ring of protection from cold (left hand)
 F - an amulet of regeneration
Wands
 p - a wand of roots (18)
 t - a wand of paralysis (24)
 D - a wand of flame (20)
Scrolls
 a - a scroll of enchant weapon {unknown}
 c - 4 scrolls of fog
 e - 2 scrolls of enchant armour
 f - 6 scrolls of immolation
 g - a scroll of silence
 o - 2 scrolls of vulnerability
 w - a scroll of amnesia
 E - a scroll of magic mapping
 J - a scroll of fear
Potions
 h - 2 potions of might {unknown}
 j - 2 potions of attraction
 k - 2 potions of cancellation {unknown}
 l - 2 potions of resistance
 s - 2 potions of berserk rage {unknown}
 u - 4 potions of mutation {unknown}
 x - 2 potions of lignification {unknown}
 A - a potion of brilliance {unknown}
 G - 4 potions of degeneration {unknown}
 H - a potion of haste {unknown}
 L - a potion of flight {unknown}


   Skills:
 - Level 1.7 Dodging
 - Level 1.7 Stealth
 + Level 8.9 Spellcasting
 - Level 11.5 Conjurations
 - Level 0.8 Transmutations
 - Level 10.2 Earth Magic


You had 15 spell levels left.
You knew the following spells:

 Your Spells              Type           Power      Damage    Failure   Level
a - Sandblast             Erth           100%       2d20      1%          1
b - Stone Arrow           Conj/Erth      100%       3d13      1%          3
c - Petrify               Tmut/Erth      45%        N/A       19%         4
d - Iskenderun's Mystic   Conj/Tloc      46%        2d10      17%         4

Your spell library contained the following spells:

 Spells                   Type           Power      Damage    Failure   Level
 Magic Dart               Conj           100%       1d8       1%          1
 Searing Ray              Conj           100%       2d8       1%          2
 Momentum Strike          Conj/Tloc      92%        3d10      2%          2
 Passwall                 Tmut/Erth      37%        N/A       3%          2
 Dazzling Flash           Conj/Hex       92%        N/A       5%          3
 Hailstorm                Conj/Ice       46%        3d11      5%          3
 Lee's Rapid Deconstruct  Erth           32%        3d16*     8%          5
 Beastly Appendage        Tmut           34%        N/A       13%         1
 Fulminant Prism          Conj/Hex       23%        3d12      17%         4
 Freeze                   Ice            48%        1d6       19%         1
 Wereblood                Tmut           17%        N/A       21%         2
 Blink                    Tloc           24%        N/A       28%         2
 Ensorcelled Hibernation  Hex/Ice        24%        N/A       28%         2
 Lesser Beckoning         Tloc           24%        N/A       28%         2
 Spider Form              Tmut/Pois      15%        N/A       43%         3
 Frozen Ramparts          Ice            24%        1d4       50%         3
 Ozocubu's Armour         Ice            12%        N/A       50%         3
 Swiftness                Air            12%        N/A       50%         3
 Volatile Blastmotes      Fire/Tloc      24%        2d12      50%         3
 Starburst                Conj/Fire      23%        6d8       95%         6
 Ozocubu's Refrigeration  Ice            6%         4d8       100%        7


Dungeon Overview and Level Annotations

Branches:
Dungeon (11/15)            Temple (0/1) D:7            Lair (0/5) D:9
    Orc: D:9-12

Shops:
D:1 [   D:4 (*   D:7 (   D:10 !

Annotations:
D:10 exclusion: obsidian statue


Innate Abilities, Weirdness & Mutations

You have an increased reservoir of magic. (+10% MP)
You shall have no god before yourself.
Your divine heritage dramatically boosts your attributes as you level up.


Message History

* * * LOW HITPOINT WARNING * * *
You take 31 damage, and have 9/74 hp.
MASSIVE DAMAGE!!
Okay, then.
Okay, then.
You feel better. The boulder beetle bites you.
* * * LOW HITPOINT WARNING * * *
You regained 2 hp, and now have 11/74 hp.
You fade into invisibility!
The boulder beetle bites you but does no damage.
Okay, then.
Okay, then.
Okay, then.
Casting: Iskenderun's Mystic Blast (dangerous; 17% risk of failure)
Confirm with . or Enter, or press ? or * to list all spells.
Okay, then.
Casting: Iskenderun's Mystic Blast (dangerous; 17% risk of failure)
Confirm with . or Enter, or press ? or * to list all spells.
You miscast Iskenderun's Mystic Blast.
You are very lightly contaminated with residual magic.
Strange energies run through your body.
* * * LOW HITPOINT WARNING * * *
The boulder beetle bites you but does no damage.
You take 4 damage, and have 8/74 hp.
You now have 13/28 mp.
Casting: Iskenderun's Mystic Blast (dangerous; 17% risk of failure)
Confirm with . or Enter, or press ? or * to list all spells.
You erupt in a blast of force!
The mystic blast hits the boulder beetle but does no damage.
The boulder beetle is heavily wounded.
The boulder beetle bites you but does no damage.
You now have 10/28 mp.
Casting: Iskenderun's Mystic Blast (dangerous; 17% risk of failure)
Confirm with . or Enter, or press ? or * to list all spells.
You miscast Iskenderun's Mystic Blast.
Nothing appears to happen.
The boulder beetle bites you but does no damage.
You now have 6/28 mp.
Unknown command.
Casting: Iskenderun's Mystic Blast (dangerous; 17% risk of failure)
Confirm with . or Enter, or press ? or * to list all spells.
You miscast Iskenderun's Mystic Blast.
You are blasted with magical energy!
You die...

#..####..#
#........#
#........#
#.######.#
#.# #.#
#.######.#
#........#
#.....B..#
#....@...#
#........#
#........#
#........#
#........#
#........#
#........#
#....)...#
#.......>#


You could see a boulder beetle (unable to see you).

Vanquished Creatures
  6 two-headed ogres
  Pikel (D:7)
  An ugly thing (D:11)
  Joseph (D:8)
  2 gargoyles
  7 kobold demonologists
  Maggie (D:6)
  Psyche (D:9)
  A komodo dragon (D:11)
  3 trolls
  A wraith (D:8)
  A wyvern (D:10)
  A centaur simulacrum (D:10)
  2 vampires
  A shadow (D:8)
  Grum (D:8)
  An acid dragon (D:10)
  2 water moccasins
  4 orc warriors
  4 ice beasts
  A sky beast (D:7)
  2 ogres
  5 centaurs
  4 wolves
  14 kobold brigands
  2 gnoll sergeants
  2 bullfrogs
  9 killer bees
  2 howler monkeys (D:6)
  2 jellies
  8 orc priests
  Crazy Yiuf (D:2)
  3 hounds
  A sleepcap (D:5)
  3 iguanas
  5 orc wizards
  8 gnolls
  An adder (D:4)
  A shadow imp (D:8)
  2 white imps
  3 ufetubi
  2 dart slugs
  23 orcs
  8 bats
  6 endoplasms
  5 giant cockroaches
  15 goblins
  9 hobgoblins
  9 quokkas
  10 ball pythons
  28 kobolds
  25 rats
261 creatures vanquished.

Vanquished Creatures (others)
  A kobold (D:7)
1 creature vanquished.

Grand Total: 262 creatures vanquished

Notes
Turn   | Place    | Note
-------+----------+-------------------------------------------
     0 | D:1      | spardeous the Demigod Earth Elementalist began the quest
                  | for the Orb.
     0 | D:1      | Reached XP level 1. HP: 14/14 MP: 5/5
   191 | D:1      | Reached XP level 2. HP: 20/20 MP: 5/7
   690 | D:1      | Found Qootulih's Antique Armour Shoppe.
   837 | D:1      | Reached XP level 3. HP: 26/26 MP: 6/9
  1346 | D:2      | Found a runed translucent door.
  1347 | D:2      | Noticed Crazy Yiuf
  1935 | D:2      | Reached XP level 4. HP: 33/33 MP: 6/11
  2267 | D:2      | Killed Crazy Yiuf
  2645 | D:3      | Learned a level 3 spell: Stone Arrow
  2650 | D:3      | Learned a level 4 spell: Petrify
  3372 | D:4      | Found Notium's Antique Weapon Emporium.
  3497 | D:4      | Reached XP level 5. HP: 38/38 MP: 12/12
  3516 | D:4      | Found Eloun's Gadget Gallery.
  3563 | D:4      | Reached skill level 5 in Earth Magic
  3847 | D:4      | Noticed an ogre
  3853 | D:4      | Killed an ogre
  3931 | D:5      | Entered Level 5 of the Dungeon
  3971 | D:5      | Reached XP level 6. HP: 45/45 MP: 11/13
  4095 | D:5      | Found a transporter.
  4164 | D:5      | Found a transporter.
  4735 | D:6      | Noticed a water moccasin
  4739 | D:6      | Killed a water moccasin
  4740 | D:6      | Reached XP level 7. HP: 50/50 MP: 12/14
  5361 | D:7      | Noticed Maggie
  5373 | D:6      | Killed Maggie
  5374 | D:6      | Reached XP level 8. HP: 54/57 MP: 15/15
  5581 | D:7      | Reached skill level 10 in Earth Magic
  5733 | D:7      | Reached skill level 1 in Conjurations
  5745 | D:7      | Noticed Pikel
  5752 | D:7      | Killed Pikel
  5753 | D:7      | Reached skill level 4 in Conjurations
  5826 | D:7      | Found a staircase to the Ecumenical Temple.
  5909 | D:7      | Reached XP level 9. HP: 62/62 MP: 14/16
  5918 | D:7      | Reached skill level 5 in Conjurations
  5978 | D:7      | Found Zecwof's Antique Weapon Emporium.
  6431 | D:5      | Reached skill level 6 in Conjurations
  6873 | D:8      | Noticed Joseph
  6878 | D:8      | Killed Joseph
  6879 | D:8      | Reached skill level 7 in Conjurations
  6963 | D:8      | Noticed Grum
  7223 | D:8      | Reached skill level 8 in Conjurations
  7369 | D:8      | Killed Grum
  7740 | D:8      | Reached skill level 9 in Conjurations
  8088 | D:8      | Learned a level 4 spell: Iskenderun's Mystic Blast
  8113 | D:8      | Reached XP level 10. HP: 12/69 MP: 8/17
  8556 | D:9      | Paralysed by a centaur for 3 turns
  8560 | D:9      | Reached skill level 10 in Conjurations
  8644 | D:9      | Found a staircase to the Lair.
  8681 | D:9      | Noticed Psyche
  8684 | D:9      | Killed Psyche
  8803 | D:9      | Noticed a two-headed ogre
  8808 | D:9      | Killed a two-headed ogre
  8998 | D:9      | Reached skill level 11 in Conjurations
  9504 | D:10     | Entered Level 10 of the Dungeon
  9532 | D:10     | Noticed a two-headed ogre
  9537 | D:10     | Killed a two-headed ogre
  9679 | D:10     | Noticed a two-headed ogre
  9689 | D:10     | Killed a two-headed ogre
  9830 | D:10     | Noticed an obsidian statue
  9873 | D:10     | Noticed a two-headed ogre
  9878 | D:10     | Killed a two-headed ogre
  9879 | D:10     | Reached skill level 5 in Spellcasting
  9879 | D:10     | Reached XP level 11. HP: 48/74 MP: 16/23
 10405 | D:10     | Noticed a sixfirhy
 10812 | D:10     | Found Qeipheop's Distillery.
 11095 | D:10     | Identified 2 scrolls of acquirement
 11097 | D:10     | Acquired 1060 gold pieces
 11101 | D:10     | Acquired 1017 gold pieces
 11326 | D:1      | Bought twisted quicksilver dragon scales for 1755 gold
                  | pieces
 11326 | D:1      | Identified the quicksilver dragon scales "Azilexoa" {rElec
                  | rC+ Will+} (You bought it in a shop on level 1 of the
                  | Dungeon)
 12079 | D:11     | Found the +6 shillelagh "Devastator" {shatter}
 12082 | D:11     | Noticed a boulder beetle
 12099 | D:11     | Noticed a two-headed ogre
 12371 | D:11     | Noticed a two-headed ogre
 12383 | D:11     | Killed a two-headed ogre
 12626 | D:11     | Killed a two-headed ogre
 12758 | D:11     | Killed by miscasting Iskenderun's Mystic Blast

Illustrated notes

Levels and vault maps discovered:
D:1:      amcnicky_arrival_blooded_trapdoor, layout_basic, serial_shops,
          nicolae_shop_back_alley_shop
D:2:      kennysheep_the_goblin_king, layout_basic, basic_ecumenical_altar,
          dk_vineyard_3, minmay_rat_hole, uniq_crazy_yiuf_cottage
D:3:      layout_basic
D:4:      layout_gridville, serial_shops, shop, nicolae_shop_gadgets
D:5:      gammafunk_cloud_chamber, layout_basic
D:6:      layout_cave_pools, mainiacjoe_overflow_alcove_1, grunt_ministairs_6,
          kennysheep_minor_cross
D:7:      layout_rooms, minmay_temple_entry_mist, serial_shops, shop,
          uniq_pikel, uniq_maggie
D:8:      layout_rooms, uniq_joseph, uniq_grum
D:9:      layout_gridville, lair_entry_dummy, special_room
          [special_room_kobold], uniq_psyche
D:10:     layout_loops_cross, mainiacjoe_overflow_brackets, serial_shops,
          nicolae_shop_crystal, minivault_16, kennysheep_generic_room_15
D:11:     layout_stronghold, minmay_orc_entry_temple_small,
          dilly_guarded_unrand_devastator

Skill      XL: |  1  2  3  4  5  6  7  8  9 10 11 |
---------------+----------------------------------+-----
Spellcasting   | 2 3 5 8 |  8.9
Earth Magic    | 3 4 5 7 9 10 | 10.2
Conjurations   | 4 9 11 | 11.5
Dodging        | |  1.7
Stealth        | |  1.7
Transmutations | |  0.8

Action                     |  1- 3 |  4- 6 |  7- 9 | 10-12 || total
---------------------------+-------+-------+-------+-------++-------
  Melee: Unarmed           |     1 |     3 |     1 |       ||     5
         Shillelagh        |       |       |       |    12 ||    12
   Cast: Sandblast         |    93 |    85 |   163 |   108 ||   449
         Stone Arrow       |       |       |    22 |    72 ||    94
         Iskenderun's Myst |       |       |       |    14 ||    14
         Petrify           |       |       |       |     5 ||     5
    Use: Scroll            |       |     8 |     1 |     9 ||    18
         Potion            |       |       |     4 |     6 ||    10
   Stab: Petrified         |       |       |       |     6 ||     6
 Armour: Robe              |     1 |       |       |       ||     1
         Ring mail         |    14 |    33 |   116 |    56 ||   219
         Quicksilver drago |       |       |       |    11 ||    11
  Dodge: Dodged            |    19 |    33 |    93 |    59 ||   204
  Block: Buckler           |       |     8 |    24 |    10 ||    42
